 Dungeon Crawl Stone Soup version 0.20.0-10-g0535bb4 (webtiles) character file.

41007 grindst0ne the Peltast (level 14, -3/111 HPs)
             Began as a Formicid Fighter on June 6, 2017.
             Was the Champion of Okawaru.
             Slain by a manticore (6 damage)
             ... on level 6 of the Lair of Beasts.
             The game lasted 00:48:25 (20995 turns).

grindst0ne the Peltast (Formicid Fighter)          Turns: 20995, Time: 00:48:26

Health: -3/111     AC:  3    Str: 24    XL:     14   Next: 47%
Magic:  0/20       EV: 13    Int:  8    God:    Okawaru [******]
Gold:   440        SH: 20    Dex: 14    Spells: 13/13 levels left

rFire    . . .     SeeInvis +   O - +4 broad axe (elec)
rCold    . . .     Gourm    .   p - +0 large shield
rNeg     . . .     Faith    +   (no armour)
rPois    .         Spirit   +   (helmet unavailable)
rElec    .         Reflect  .   h - scarf {Spirit}
rCorr    +         Harm     .   m - +0 pair of gloves
MR       +....                  q - +0 pair of boots
Stlth    +.........             Z - amulet of faith
Regen    0.3/turn               X - ring of resist corrosion
MPRegen  0.2/turn               w - ring of flight

@: barbed spikes
A: permanent stasis, dig shafts and tunnels, four strong arms, antennae 3,
repulsion field 1, strong 1
a: Dig, Shaft Self, Heroism, Finesse, Renounce Religion, Evoke Flight


You were on level 6 of the Lair of Beasts.
You worshipped Okawaru.
Okawaru was exalted by your worship.
You were not hungry.

You visited 3 branches of the dungeon, and saw 19 of its levels.

You collected 944 gold pieces.
You spent 504 gold pieces at shops.

Inventory:

Hand Weapons
 A - a +1 war axe of flaming
 O - a +4 broad axe of electrocution (weapon)
Armour
 h - a scarf of spirit shield (worn)
 m - a +0 pair of gloves (worn)
 p - a +0 large shield (worn)
 q - a +0 pair of boots (worn)
Jewellery
 w - a ring of flight (right hand)
 S - an uncursed amulet of the gourmand
 X - a ring of resist corrosion (left hand)
 Z - an amulet of faith (around neck)
Wands
 c - a wand of flame (26/48)
 l - a wand of confusion (19/48)
 u - a wand of polymorph (12/24)
 y - a wand of paralysis (11/24)
 F - a wand of digging (7/24)
 I - a wand of scattershot (2/9)
 U - a wand of lightning (12/15)
Scrolls
 d - 5 scrolls of fear
 g - 6 scrolls of enchant armour
 k - 6 scrolls of remove curse
 n - a scroll of noise {unknown}
 r - 4 scrolls of enchant weapon {unknown}
 t - 5 scrolls of amnesia {unknown}
 x - 4 scrolls of blinking {unknown}
 z - a scroll of summoning {unknown}
 C - 11 scrolls of magic mapping
 G - a scroll of random uselessness {unknown}
 H - 2 scrolls of recharging {unknown}
 N - 3 scrolls of fog {unknown}
 Q - 3 scrolls of immolation {unknown}
Potions
 j - 2 potions of flight
 v - a potion of cancellation
 B - 4 potions of heal wounds
 D - 3 potions of invisibility
 E - 2 potions of curing
 J - 3 potions of lignification
 K - 2 potions of magic
 L - a potion of mutation
 M - a potion of resistance
 P - 2 potions of might
 V - a potion of brilliance
 W - a potion of degeneration {unknown}
Comestibles
 a - 7 chunks of flesh
 f - 10 bread rations
 i - 6 meat rations
 o - 14 royal jellies
 R - 20 fruits


   Skills:
 - Level 10.4 Fighting
 - Level 7.0 Axes
 + Level 14.4 Armour
 - Level 15.0 Shields
 - Level 9.1 Invocations
 - Level 9.0 Evocations


You had 13 spell levels left.
You didn't know any spells.

Dungeon Overview and Level Annotations

Branches:
Dungeon (12/15)            Temple (1/1) D:6            Lair (6/6) D:10
  Swamp (0/4) Lair:2       Spider (0/4) Lair:2          Orc (0/2) D:12
  Slime: Lair:5-6

Altars:
Ashenzari
Cheibriados
Dithmenos
Elyvilon
Fedhas
Gozag
Hepliaklqana
Kikubaaqudgha
Makhleb
Nemelex Xobeh
Okawaru
Qazlal
Ru
Sif Muna
Trog
Uskayaw
Vehumet
Xom
Yredelemnul
Zin
The Shining One

Shops:
D:6 ?*!   D:7 ::[[   D:10 !


Innate Abilities, Weirdness & Mutations

You cannot be hasted, slowed, berserked, paralysed or teleported.
You can dig through walls and to a lower floor.
Your four strong arms can wield two-handed weapons with a shield.
You have a pair of large antennae on your head. (SInv)
You are surrounded by a mild repulsion field. (EV +2)
Your muscles are strong. (Str +2)


Message History

You block the yak's attack.
You hit the yak but do no damage.
The yak is severely wounded.
You block the yak's attack.
You slash the yak!
You kill the yak!
Okawaru accepts your kill. You block the manticore's attack.
The manticore barely misses you. The manticore claws you!
* * * LOW HITPOINT WARNING * * *
You hit the manticore.
The manticore is lightly wounded.
The yak snorts and paws the ground.
You block the manticore's attack. The manticore claws you!
* * * LOW HITPOINT WARNING * * *
You block the manticore's attack.
You feel better. The manticore bites you!!
* * * LOW HITPOINT WARNING * * *
The manticore claws you.
You die...

#............. .
#............. ..## ##
##............. #...##.
#.............. .....
#.............. #...
#............#.
##...####..............
#P..YH#.#..............
######@#..#....#..##...
############.##### ###


You could see a manticore and a yak.

Vanquished Creatures
  A hydra (Lair:2)
  A catoblepas (Lair:6)
  4 two-headed ogres
  A death yak (Lair:6)
  2 unseen horrors
  A lindwurm (Lair:6)
  Pikel (D:6)
  A cyclops (D:11)
  2 oklob plants
  A manticore (D:12)
  3 elephants
  5 centaur zombies
  2 black mambas
  The ghost of grindst0ne the Shield-Bearer, a novice FoFi (D:5)
  A gargoyle (D:12)
  10 spiny frogs
  A kobold demonologist (D:10)
  3 komodo dragons
  2 hellwings
  A rime drake (Lair:5)
  The ghost of no0bjke the Chopper, a novice GrFi (D:4)
  A hornet (D:8)
  3 trolls
  2 polar bears
  Prince Ribbit (D:6)
  7 blink frogs (Lair:3)
  6 dream sheep (Lair:5)
  4 hippogriffs
  A shadow (D:11)
  37 yaks
  A redback (Lair:2)
  A wyvern (Lair:6)
  4 basilisks
  A hungry ghost (D:7)
  Edmund (D:4)
  The ghost of newuser the Vandal, an amateur HaAE (D:3)
  A soldier ant (D:8)
  15 water moccasins
  6 swamp worms (Lair:2)
  Duvessa (D:6)
  6 porcupines
  11 orc warriors
  2 sky beasts
  5 ice beasts
  3 phantoms
  An eye of draining (D:8)
  8 ogres
  3 necrophages
  A wolf (Lair:4)
  10 centaurs
  13 crocodiles
  Blork the orc (D:6)
  16 big kobolds
  19 bullfrogs
  A wyvern zombie (D:7)
  4 gnoll sergeants (D:12)
  2 scorpions
  Dowan (D:6)
  6 killer bees (D:10)
  An electric eel (Lair:2)
  5 howler monkeys
  4 wights (D:5)
  5 crimson imps
  2 bullfrog zombies
  5 hounds
  5 orc priests
  Crazy Yiuf (D:2)
  2 bullfrog skeletons
  2 jellies
  6 orc wizards
  4 centaur skeletons
  2 iguanas
  Natasha (D:2)
  5 worker ants
  2 hound zombies
  A hound skeleton (D:4)
  2 worker ant zombies
  13 adders
  13 gnolls
  5 shadow imps
  An ooze (D:2)
  2 adder skeletons
  3 worms
  A dart slug (D:3)
  5 leopard geckos
  43 orcs
  7 giant cockroaches
  5 goblins
  10 hobgoblins
  4 jackals
  7 quokkas
  4 ball pythons
  11 bats
  5 frilled lizards
  A jackal skeleton (D:5)
  21 kobolds
  A leopard gecko skeleton (D:6)
  A leopard gecko zombie (D:4)
  A quokka zombie (D:6)
  7 rats
  2 fungi
  6 plants
486 creatures vanquished.

Vanquished Creatures (others)
  A slave (D:6)
  A quasit (D:6)
  8 fungi
  8 plants (Lair:6)
  4 withered plants (D:7)
22 creatures vanquished.

Grand Total: 508 creatures vanquished

Notes
Turn   | Place    | Note
-------+----------+-------------------------------------------
     0 | D:1      | grindst0ne the Formicid Fighter began the quest for the Orb.
     0 | D:1      | Reached XP level 1. HP: 18/18 MP: 1/1
   108 | D:1      | Reached XP level 2. HP: 12/25 MP: 2/2
   505 | D:1      | Reached XP level 3. HP: 28/31 MP: 3/3
  1302 | D:2      | Reached skill level 5 in Fighting
  1302 | D:2      | Reached XP level 4. HP: 30/39 MP: 2/4
  1502 | D:2      | Noticed Natasha
  1512 | D:2      | Killed Natasha
  1678 | D:2      | Reached XP level 5. HP: 37/44 MP: 5/5
  1751 | D:2      | Found an ancient bone altar of Kikubaaqudgha.
  1975 | D:2      | Found a runed door.
  1979 | D:2      | Noticed Crazy Yiuf
  1986 | D:2      | Killed Crazy Yiuf
  2175 | D:3      | Reached skill level 5 in Armour
  2210 | D:3      | Noticed newuser's ghost (amateur HaAE)
  2709 | D:3      | Killed newuser's ghost
  2709 | D:3      | Reached XP level 6. HP: 41/51 MP: 6/6
  2860 | D:3      | Reached skill level 4 in Shields
  3150 | D:3      | Found a faded altar of an unknown god.
  3469 | D:4      | Reached XP level 7. HP: 43/56 MP: 7/7
  3574 | D:4      | Noticed no0bjke's ghost (novice GrFi)
  3700 | D:3      | Reached skill level 5 in Shields
  4419 | D:4      | Killed no0bjke's ghost
  4419 | D:4      | Reached skill level 7 in Shields
  4774 | D:4      | Reached XP level 8. HP: 62/62 MP: 8/8
  4803 | D:4      | Noticed Edmund
  4815 | D:4      | Killed Edmund
  4815 | D:4      | Reached skill level 8 in Shields
  4959 | D:4      | Reached skill level 9 in Shields
  5190 | D:4      | Found a sparkling altar of Nemelex Xobeh.
  5292 | D:5      | Entered Level 5 of the Dungeon
  5311 | D:5      | Reached skill level 10 in Shields
  5365 | D:5      | Noticed grindst0ne's ghost (novice FoFi)
  5457 | D:5      | Killed grindst0ne's ghost
  5457 | D:5      | Reached skill level 11 in Shields
  5457 | D:5      | Reached XP level 9. HP: 28/68 MP: 4/9
  5659 | D:5      | Found a shimmering altar of Xom.
  6385 | D:6      | Reached skill level 12 in Shields
  6515 | D:6      | Found a staircase to the Ecumenical Temple.
  6525 | Temple   | Entered the Ecumenical Temple
  6635 | Temple   | Became a worshipper of Warmaster Okawaru
  6729 | D:6      | Noticed Blork the orc
  6734 | D:6      | Noticed Dowan
  6773 | D:6      | Killed Blork the orc
  6801 | D:6      | Killed Dowan
  6962 | D:6      | Found Vomile's Distillery.
  6975 | D:6      | Bought a potion of heal wounds for 70 gold pieces
  6975 | D:6      | Bought 2 potions of heal wounds for 140 gold pieces
  7003 | D:6      | Noticed Pikel
  7122 | D:6      | Reached skill level 13 in Shields
  7127 | D:6      | Killed Pikel
  7127 | D:6      | Reached * piety under Okawaru
  7127 | D:6      | Reached XP level 10. HP: 37/74 MP: 5/10
  7297 | D:6      | Found Eleet's Magic Scroll Shoppe.
  7297 | D:6      | Found Lafualie's General Store.
  7330 | D:6      | Noticed Prince Ribbit
  7335 | D:6      | Noticed Duvessa
  7347 | D:6      | Killed Prince Ribbit
  7347 | D:6      | Reached skill level 14 in Shields
  7496 | D:6      | Killed Duvessa
  8036 | D:6      | Reached ** piety under Okawaru
  8244 | D:6      | Found an opulent altar of Gozag.
  8432 | D:7      | Reached skill level 15 in Shields
  8489 | D:7      | Found Leciyrie's Book Emporium.
  8613 | D:7      | Found Caet's Armour Boutique.
  8625 | D:7      | Found a snail-covered altar of Cheibriados.
  8625 | D:7      | Found a hazy altar of Hepliaklqana.
  8626 | D:7      | Found a stormy altar of Qazlal.
  8846 | D:7      | Found Upti's Book Boutique.
  8929 | D:7      | Reached *** piety under Okawaru
  8996 | D:7      | Received a gift from Okawaru
  8996 | D:7      | Reached XP level 11. HP: 52/89 MP: 7/11
  9460 | D:7      | Reached **** piety under Okawaru
  9534 | D:7      | Found Isolir's Armour Emporium.
  9790 | D:8      | Reached skill level 10 in Fighting
  9887 | D:8      | Noticed a two-headed ogre
  9906 | D:8      | Noticed a two-headed ogre
  9997 | D:7      | Killed a two-headed ogre
 10137 | D:8      | Received a gift from Okawaru
 10204 | D:8      | Killed a two-headed ogre
 10204 | D:8      | Reached skill level 5 in Axes
 10670 | D:9      | Noticed a two-headed ogre
 10682 | D:9      | Killed a two-headed ogre
 10682 | D:9      | Reached ***** piety under Okawaru
 11079 | D:9      | Reached skill level 1 in Evocations
 11150 | D:9      | Found a deep blue altar of Sif Muna.
 11307 | D:10     | Entered Level 10 of the Dungeon
 11307 | D:10     | Noticed a two-headed ogre
 11316 | D:10     | Killed a two-headed ogre
 11512 | D:10     | Noticed an unseen horror
 11540 | D:10     | Killed an unseen horror
 11540 | D:10     | Reached XP level 12. HP: 82/97 MP: 12/15
 11680 | D:11     | Reached skill level 5 in Evocations
 12224 | D:11     | Noticed an unseen horror
 12239 | D:11     | Killed an unseen horror
 12408 | D:11     | Gained mutation: You are weak. (Str -2) [potion of mutation]
 12408 | D:11     | Gained mutation: You have sharp toenails. [potion of mutation]
 12408 | D:11     | Gained mutation: You are robust. (+10% HP) [potion of mutation]
 12585 | D:12     | Reached skill level 1 in Invocations
 12649 | D:12     | Received a gift from Okawaru
 12761 | D:12     | Found a staircase to the Orcish Mines.
 12765 | D:12     | Reached ****** piety under Okawaru
 12796 | D:12     | Reached skill level 5 in Invocations
 13007 | D:12     | Lost mutation: You are weak. (Str -2) [potion of mutation]
 13007 | D:12     | Lost mutation: You have sharp toenails. [potion of mutation]
 13007 | D:12     | Lost mutation: You are robust. (+10% HP) [potion of mutation]
 13007 | D:12     | Gained mutation: Your muscles are strong. (Str +2) [potion of mutation]
 13007 | D:12     | Gained mutation: You are surrounded by a mild repulsion field. (EV +2) [potion of mutation]
 13673 | D:10     | Found Gixof's Distillery.
 13691 | D:10     | Received a gift from Okawaru
 13704 | D:10     | Bought a potion of heal wounds for 70 gold pieces
 13704 | D:10     | Bought a potion of heal wounds for 70 gold pieces
 13704 | D:10     | Bought a potion of curing for 42 gold pieces
 13704 | D:10     | Bought a potion of might for 56 gold pieces
 13704 | D:10     | Bought a potion of might for 56 gold pieces
 13716 | D:10     | Reached XP level 13. HP: 88/103 MP: 19/19
 13940 | D:10     | Found a staircase to the Lair.
 14299 | Lair:1   | Entered Level 1 of the Lair of Beasts
 15117 | Lair:1   | Noticed a five-headed hydra
 15494 | Lair:2   | Killed a one-headed hydra
 15521 | Lair:2   | Found a hole to the Spider Nest.
 15552 | Lair:2   | Received a gift from Okawaru
 15568 | Lair:2   | Got a bloodstained arbalest {god gift}
 15569 | Lair:2   | Identified the +8 arbalest of Fixation {elec, +Inv rF- MR+} (Okawaru gifted it to you on level 2 of the Lair of Beasts)
 15798 | Lair:2   | Reached skill level 10 in Armour
 16216 | Lair:2   | Found a staircase to the Swamp.
 17308 | Lair:3   | Identified the +8 long sword "Faihokhle" {flame, *Drain +Blink Dex+7 Stlth+} (You found it on level 3 of the Lair of Beasts)
 17827 | Lair:4   | Received a gift from Okawaru
 18095 | Lair:4   | Reached XP level 14. HP: 106/110 MP: 20/20
 18855 | Lair:5   | Received a gift from Okawaru
 19610 | Lair:6   | Entered Level 6 of the Lair of Beasts
 20050 | Lair:6   | HP: 5/110 [catoblepas (22)]
 20995 | Lair:6   | HP: 3/111 [manticore (18)]
 20995 | Lair:6   | Slain by a manticore

Skill      XL: |  1  2  3  4  5  6  7  8  9 10 11 12 13 14 |
---------------+-------------------------------------------+-----
Fighting       | 4 5 9 10 | 10.4
Armour         | 4 6 12 14 | 14.4
Shields        | 4 7 11 13 15 | 15.0
Axes           | 7 |  7.0
Evocations     | 4 9 |  9.0
Invocations    | 7 9 |  9.1

Action                   |  1- 3 |  4- 6 |  7- 9 | 10-12 | 13-15 || total
-------------------------+-------+-------+-------+-------+-------++-------
Melee: War axe           |   117 |   230 |   220 |   644 |   226 ||  1437
       Dire flail        |       |       |   199 |       |       ||   199
       Broad axe         |       |       |       |   110 |   427 ||   537
 Abil: Dig               |       |     1 |     9 |    24 |    14 ||    48
Evoke: Wand              |       |       |       |     2 |       ||     2
  Use: Potion            |       |     1 |     3 |     5 |     5 ||    14
       Scroll            |       |       |       |    12 |     5 ||    17
 Stab: Petrified         |       |       |       |       |     3 ||     3
       Sleeping          |       |       |       |       |     1 ||     1
  Eat: Chunk             |     1 |     8 |     9 |    38 |    22 ||    78
       Bread ration      |       |       |     1 |     2 |       ||     3
       Royal jelly       |       |       |       |     1 |       ||     1
Armor: Scale mail        |    52 |   114 |   139 |     7 |       ||   312
       Chain mail        |       |       |       |   103 |       ||   103
       Plate armour      |       |       |       |   176 |   111 ||   287
       Skin              |       |       |       |       |     5 ||     5
Dodge: Dodged            |    41 |    79 |   124 |   181 |   130 ||   555
Block: Shield            |    73 |   126 |   283 |    77 |       ||   559
       Large shield      |       |       |       |   903 |   609 ||  1512
